Map: Abyssal Reef LE

Players

axu - Winner!

  • Race: Protoss Protoss
  • League: Platinum
  • Spawn Location: 11:00

DrGaba

  • Race: Terran Terran
  • League: Platinum
  • Spawn Location: 5:00

VOD

Have the link to the VOD?

Description

Time

  • Played on: Jan. 5, 2018, 7:45 a.m.
  • Length: 12:51
Show
View Real Time Build Order
Export as new Build Order

axu Protoss - Winner!

Build Orders: 1 Gate Expand 

Get SALT Encoding   

  12  0:02  Probe  
  13  0:14  Probe  
  13  0:20  Pylon  
  14  0:27  Probe  
  15  0:41  Gateway  
  15  0:49  Probe  
  16  1:00  Assimilator  
  16  1:01  Probe  
  17  1:13  Probe  
  18  1:25  Probe  
  19  1:33  Nexus  
  19  1:44  Cybernetics Core  
  19  1:47  Probe  
  20  1:59  Probe  
  21  2:01  Assimilator  
  21  2:04  Pylon  
  21  2:11  Probe  
  22  2:17  Stalker (Chrono Boost)  
  23  2:24  Probe  
  24  2:35  Robotics Facility  
  24  2:37  Probe  
  25  2:49  Probe  
  26  2:53  Probe  
  27  2:59  Pylon  
  27  3:02  Probe  
  27  3:05  Probe  
  29  3:06  Stalker  
  31  3:14  Probe  
  31  3:15  Gateway  
  31  3:17  Probe  
  33  3:22  Gateway  
  33  3:25  Observer  
  34  3:29  Probe x2  
  36  3:40  Pylon  
  36  3:41  Probe x2  
  37  3:48  Warp Gate (Chrono Boost)  
  38  3:50  Immortal  
  42  3:57  Probe x2  
  42  4:02  Assimilator  
  44  4:09  Stalker, Probe x2  
  48  4:12  Stalker  
  50  4:17  Stalker  
  50  4:21  Probe  
  50  4:22  Probe  
  54  4:26  Assimilator  
  54  4:34  Probe x2  
  56  4:44  Stalker (Chrono Boost)  
  60  4:54  Stalker (Chrono Boost)  
  60  5:03  Pylon  
  60  5:05  Shield Battery  
  60  5:07  Shield Battery  
  60  5:09  Stalker  
  60  5:12  Stalker  
  61  5:16  Immortal  
  60  5:24  Twilight Council  
  60  5:45  Probe x2  
  62  5:57  Immortal, Probe x2  
  68  6:05  Blink  
  68  6:08  Pylon  
  68  6:09  Probe  
  69  6:16  Stalker  
  70  6:22  Pylon  
  70  6:24  Pylon  
  70  6:26  Probe x2  
  70  6:27  Pylon  
  60  7:15  Stalker x3  
  60  7:28  Probe x2  
  62  7:40  Probe x2  
  64  7:53  Stalker x3  
  64  7:56  Probe  
  64  7:57  Probe  
  70  8:05  Pylon  
  68  8:08  Probe  
  68  8:09  Probe  
  68  8:12  Immortal  
  66  8:23  Stalker x3  
  71  8:38  Nexus  
  71  8:40  Pylon  
  71  8:42  Assimilator  
  71  8:45  Forge x2  
  71  8:46  Assimilator  
  71  8:49  Charge  
  71  8:50  Stalker  
  71  8:54  Probe x2  
  75  9:06  Probe x2  
  74  9:18  Probe x2  
  74  9:20  Protoss Ground Weapons Level 1 (Chrono Boost)  
  74  9:23  Protoss Ground Armor Level 1 (Chrono Boost)  
  76  9:30  Probe x2  
  78  9:32  Pylon  
  78  9:36  Pylon  
  78  9:42  Probe  
  78  9:43  Gateway x2  
  79  9:47  Gateway  
  79  10:03  Probe x3  
  79  10:04  Stalker  
  79  10:05  Stalker  
  86  10:15  Probe  
  87  10:27  Robotics Bay  
  87  10:29  Gateway  
  87  10:31  Gateway  
  87  10:33  Gateway  
  84  10:38  Stalker  
  84  10:42  Stalker x2  
  86  10:52  Probe x3  
  89  11:04  Probe x2  
  89  11:05  Probe  
  92  11:16  Probe  
  92  11:18  Stalker x4  
  99  11:20  Zealot x2  
  104  11:43  Probe x2  
  104  11:44  Probe  
  99  11:55  Probe  
  99  11:56  Probe x2  
  94  12:16  Stalker x4  
  94  12:17  Zealot x5  
  112  12:29  Probe x2  
  119  12:30  Probe  
Show
View Real Time Build Order
Export as new Build Order

DrGaba Terran 

Build Orders: Liberator Opening, MMM Bio 

Get SALT Encoding   

  12  0:01  SCV  
  14  0:14  SCV  
  14  0:21  Supply Depot  
  14  0:27  SCV  
  15  0:31  Refinery  
  15  0:45  Barracks  
  15  0:46  SCV  
  16  1:02  SCV  
  17  1:12  Supply Depot  
  17  1:15  SCV  
  18  1:19  Refinery  
  18  1:33  Reaper  
  19  1:52  Orbital Command  
  19  1:58  Factory  
  19  2:24  Barracks Tech Lab  
  19  2:25  SCV  
  20  2:38  SCV  
  21  2:50  SCV  
  22  2:55  Starport  
  22  2:57  Barracks Tech Lab  
  22  3:00  Supply Depot, Siege Tank  
  22  3:02  SCV  
  26  3:14  SCV  
  26  3:16  Stimpack  
  26  3:17  Barracks  
  26  3:18  Marine  
  28  3:26  SCV  
  29  3:33  Medivac  
  31  3:38  SCV  
  31  3:40  Cyclone  
  35  3:43  Marine  
  36  3:50  SCV  
  36  3:52  Supply Depot  
  37  3:56  Liberator  
  37  4:02  SCV  
  38  4:12  Supply Depot  
  38  4:15  Marauder, Marine  
  44  4:37  Siege Tank  
  47  4:46  Barracks Reactor  
  47  4:51  Command Center  
  47  5:25  Marine x2  
  47  5:26  Marauder  
  51  5:43  Starport Reactor, Marine x2  
  51  5:47  Marauder  
  55  6:00  Supply Depot  
  55  6:02  Supply Depot  
  55  6:03  SCV  
  55  6:05  Engineering Bay  
  55  6:06  Armory  
  55  6:09  Marauder  
  55  6:18  Orbital Command  
  55  6:21  Bunker  
  43  6:50  Liberator  
  40  7:02  Liberator  
  40  7:03  Siege Tank  
  40  7:04  Marine x2  
  40  7:05  Marauder  
  45  7:28  Engineering Bay  
  41  7:36  Orbital Command  
  37  7:44  Marauder  
  30  8:30  SCV  
  31  8:39  SCV  
  31  8:41  Marauder  
  34  8:42  SCV  
  34  8:47  Factory  
  35  8:48  Starport Reactor  
  35  8:51  SCV, Factory  
  35  8:54  Bunker  
  35  8:55  SCV  
  37  8:59  Bunker  
  37  9:03  SCV  
  38  9:13  Refinery  
  38  9:14  Refinery  
  38  9:15  SCV  
  39  9:23  SCV  
  37  9:35  SCV  
  38  9:39  Barracks x2  
  38  9:41  Command Center  
  38  9:48  Factory Tech Lab  
  38  9:50  Combat Shields  
  38  10:02  SCV  
  38  10:05  SCV  
  40  10:07  Command Center  
  40  10:12  Cyclone  
  43  10:15  SCV  
  43  10:18  Terran Vehicle Weapons Level 1  
  44  10:32  Barracks Reactor  
  44  10:34  Barracks Reactor  
  44  10:39  Siege Tank  
  44  10:59  Planetary Fortress  
  44  11:06  Missile Turret  
  44  11:09  Missile Turret  
  44  11:18  Missile Turret  
  38  12:14  Siege Tank  
Tags
 
Add a new tag
Caveats
  • Supply blocks, unpowered buildings, or Contaminate may cause inaccurate times.
  • Supply counts are checked every 10 seconds.